 Dungeon Crawl Stone Soup version 0.31.0-32-g396128a36d (webtiles) character file.

Game seed: 9018331554639716699

16 Heoruswealwe the Conjurer (level 2, 15/15 HPs)
             Began as a Deep Elf Conjurer on Mar 4, 2024.
             Got out of the dungeon alive.
             The game lasted 00:14:43 (2597 turns).

Heoruswealwe the Conjurer (Deep Elf Conjurer)       Turns: 2597, Time: 00:14:43

Health: 15/15      AC:  3    Str:  4    XL:     2   Next: 37%
Magic:  8/8        EV: 12    Int: 22    God:
Gold:   15         SH:  0    Dex: 13    Spells: 5/8 levels left

rFire   . . .        (no weapon)
rCold   . . .        (no shield)
rNeg    . . .        c - +0 robe
rPois   .            (no helmet)
rElec   .            (no cloak)
rCorr   .            f - +0 pair of gloves
SInv    .            (no boots)
Will    .....        (no amulet)
Stlth   ++           (no ring)
HPRegen 0.22/turn    (no ring)
MPRegen 0.11/turn

%: no passive effects
@: no status effects
A: no striking features
a: no special abilities


You escaped.
You visited 1 branch of the dungeon, and saw 1 of its levels.

You collected 67 gold pieces.
You spent 52 gold pieces at shops.

Inventory:

Armour
 a - a +0 robe
 c - a +0 robe (worn)
 f - a +0 pair of gloves (worn)
 h - a +0 robe
 i - a +0 robe
 j - a +0 robe
Scrolls
 d - a scroll of identify
Potions
 b - a potion of magic
 e - a potion of enlightenment {unknown}
 k - a potion of brilliance {unknown}
 l - a potion of curing {unknown}


   Skills:
 - Level 2.4 Dodging
 - Level 2.4 Stealth
 + Level 3.7 Spellcasting
 + Level 4.8 Conjurations


You had 5 spell levels left.
You knew the following spells:

 Your Spells              Type           Power      Damage    Failure   Level
a - Magic Dart            Conj           100%       1d8       1%          1
b - Searing Ray           Conj           50%        2d6       2%          2

Your spell library contained the following spells:

 Spells                   Type           Power      Damage    Failure   Level
 Volatile Blastmotes      Fire/Tloc      8%         2d10      34%         3
 Fulminant Prism          Conj/Alch      7%         3d7       41%         4
 Iskenderun's Mystic Bla  Conj/Tloc      14%        2d5       41%         4


Dungeon Overview and Level Annotations

Branches:
Dungeon (1/15)

Altars:

Shops:
D:1 ?


Message History

You hit the plant.
The plant is lightly damaged.
A nearby plant withers and dies.
You hit the plant.
The plant begins to die.
The plant is lightly damaged.
You hit the plant.
The plant is lightly damaged.
You hit the plant.
The plant is lightly damaged.
You hit the plant but do no damage.
The plant is lightly damaged.
A nearby plant withers and dies.
Casting: Magic Dart (safe; 1% risk of failure)
Confirm with . or Enter, or press ? or * to list all spells.
You don't know that spell.
Casting: Magic Dart (safe; 1% risk of failure)
Confirm with . or Enter, or press ? or * to list all spells.
You don't know that spell.
Okay, then.
There is an entrance to Bevan's Magic Scroll Boutique here.
d - 2 scrolls of identify (gained 1) Thank you for shopping at Bevan's Magic Scroll Boutique!
You can access your shopping list by pressing '$'.
As you read the scroll of identify, it crumbles to dust.
g - a scroll of silence You drop a scroll of silence.
Okay, then.
Done exploring.
Done exploring.
Done exploring.
Done exploring.
Done exploring.
Done exploring.
Done exploring.
Search for what [? for help]? .
Welcome back, Heoruswealwe the Deep Elf Conjurer.
Press ? for a list of commands and other information.
There is a staircase leading out of the dungeon here.
You can't go down here!
You have escaped!

..#.....# #...............#..
..#.##### #...............#..
..#.# #...............#.. ..#.#
#...............#.. ....#
#...............#.. ....#
#...............#.. ....#
#...............#.. )(..#
#...............### ....#
#.@...............# .#########
#...............#.. .........#
#...............#.# ########.#
#.................. .......#.#
#.................# ....)..#.#
#.................# .......#.#
#.................#
.......#.######..................
.......#.....##.................#


There were no monsters in sight!

Vanquished Creatures
  An endoplasm (D:1)
  A giant cockroach (D:1)
  2 goblins (D:1)
  4 hobgoblins (D:1)
  2 ball pythons (D:1)
  A frilled lizard (D:1)
  2 kobolds (D:1)
  2 rats (D:1)
15 creatures vanquished.

Notes
Turn   | Place    | Note
-------+----------+-------------------------------------------
     0 | D:1      | Heoruswealwe the Deep Elf Conjurer began the quest for the
                  | Orb.
     0 | D:1      | Reached XP level 1. HP: 10/10 MP: 6/6
   112 | D:1      | Found Bevan's Magic Scroll Boutique.
   354 | D:1      | Bought a scroll of identify for 26 gold pieces
   694 | D:1      | Reached XP level 2. HP: 15/15 MP: 5/8
   697 | D:1      | Learned a level 2 spell: Searing Ray
  2530 | D:1      | Bought a scroll of identify for 26 gold pieces
  2536 | D:1      | Upgraded the game from 0.31.0-12-g77e489cdc1 to
                  | 0.31.0-32-g396128a36d
  2597 | D:$      | Got out of the dungeon alive.

Illustrated notes

Levels and vault maps discovered:
D:1:      roderic_crop_circles_arrival_small, layout_basic, serial_shops,
          nicolae_shop_rolled_up, serial_co_window_serial, co_window_corner_a,
          co_window_cross_1, co_window_paths_a, co_window_paths_a,
          co_window_corner_a, co_window_paths_a, co_window_corner_a,
          co_window_corner_ca, co_window_2corner, co_window_paths_c,
          co_window_corner_cb, co_window_4corner_a, co_window_paths_e,
          glass_columns_b, glass_columns_a

Action                     || total
---------------------------++-------
  Melee: Unarmed           ||   893
         Punch             ||    16
   Cast: Magic Dart        ||    31
    Use: Scroll            ||     1
 Armour: Robe              ||     5
  Dodge: Dodged            ||     4
